 Dungeon Crawl Stone Soup version 0.23-a0-307-gc3b755d (webtiles) character file.

60 namelastname112 the Slasher (level 3, 0/30 HPs)
             Began as a Draconian Gladiator on Oct 10, 2018.
             Slain by a gnoll
             ... wielding a +0 halberd
              (14 damage)
             ... on level 2 of the Dungeon.
             The game lasted 00:02:13 (1435 turns).

namelastname112 the Slasher (Draconian Gladiator)   Turns: 1435, Time: 00:02:14

Health: 0/30       AC:  5    Str: 16    XL:     3   Next: 80%
Magic:  3/3        EV: 13    Int:  8    God:
Gold:   69         SH:  0    Dex: 13    Spells: 2/2 levels left

rFire    . . .     SeeInvis .   a - +0 long sword
rCold    . . .     Gourm    +   (no shield)
rNeg     . . .     Faith    .   (armour unavailable)
rPois    .         Spirit   .   b - +0 hat
rElec    .         Reflect  .   (no cloak)
rCorr    .         Harm     .   (no gloves)
MR       .....                  (no boots)
Stlth    +.........             j - amulet of the gourmand
HPRegen  0.10/turn              (no ring)
MPRegen  0.08/turn              (no ring)

@: no status effects
A: unfitting armour, cold-blooded, AC +5
a: no special abilities


You were on level 2 of the Dungeon.
You were full.

You visited 1 branch of the dungeon, and saw 2 of its levels.

You collected 69 gold pieces.

Inventory:

Hand Weapons
 a - a +0 long sword (weapon)
Missiles
 c - 3 throwing nets (quivered)
Armour
 b - a +0 hat (worn)
Jewellery
 j - an amulet of the gourmand (around neck)
Scrolls
 e - a scroll of identify {unknown}
 f - a scroll of magic mapping {unknown}
 k - a scroll of fog {unknown}
 l - a scroll of remove curse {unknown}
Potions
 g - 2 potions of mutation {unknown}
 h - a potion of lignification {unknown}
 i - a potion of magic {unknown}
 m - a potion of degeneration {unknown}
Comestibles
 d - a ration


   Skills:
 + Level 2.8 Fighting
 * Level 3.8 Long Blades
 + Level 2.2 Throwing
 + Level 3.1 Dodging


You had 2 spell levels left.
You didn't know any spells.
Your spell library was empty.

Dungeon Overview and Level Annotations

Branches:
Dungeon (2/15)

Altars:


Innate Abilities, Weirdness & Mutations

Your plain brown scales are hard. (AC +5)
You cannot fit into any form of body armour.
You are cold-blooded and may be slowed by cold attacks.


Message History

You take 8 damage, and have 22/30 hp.
MASSIVE DAMAGE!!
You slash the gnoll!
The gnoll is severely wounded.
The gnoll barely misses you.
You riposte.
You closely miss the gnoll.
The gnoll is severely wounded.
You closely miss the gnoll.
The gnoll is severely wounded.
The gnoll hits you with a halberd!
You take 8 damage, and have 14/30 hp.
MASSIVE DAMAGE!!
You are too injured to fight recklessly!
You are too injured to fight recklessly!
You are too injured to fight recklessly!
You are too injured to fight recklessly!
You barely miss the gnoll.
The gnoll is severely wounded.
The gnoll closely misses you.
You closely miss the gnoll.
The gnoll is severely wounded.
The gnoll hits you with a halberd!
You die...

#.# ##.#...# #.
#.#.######.######)#..#####.
.................g.........
#.#####.>###.###g###.######
##..# #.# #.# #......#
#.>.###.###.########.#
#.#..gg.........####.#
#.####.#####.###...........
#........g@#.#######.####.#
#.####.#####...............
#..# #########.####.# #.##
#.# #.# #. #.####.# #.
#....... #. ######.# #. #..
#. ###


You could see a gnoll.

Vanquished Creatures
  3 gnolls
  An adder (D:2)
  An ooze (D:2)
  2 leopard geckos (D:1)
  2 goblins
  2 hobgoblins (D:1)
  3 kobolds
  A frilled lizard (D:1)
  3 rats (D:1)
18 creatures vanquished.

Notes
Turn   | Place    | Note
-------+----------+-------------------------------------------
     0 | D:1      | namelastname112 the Draconian Gladiator began the quest for
                  | the Orb.
     0 | D:1      | Reached XP level 1. HP: 17/17 MP: 1/1
   314 | D:1      | Reached XP level 2. HP: 25/25 MP: 2/2
   941 | D:2      | Reached XP level 3. HP: 30/30 MP: 3/3
  1435 | D:2      | Slain by a gnoll

Vault maps used:
D:1:      minmay_arrival_wavy_path
D:2:      wad_pebble_path, gammafunk_temple_overflow_claw, first_ration

Skill      XL: |  1  2  3 |
---------------+----------+-----
Throwing       | 2 |  2.2
Dodging        | 3 |  3.1
Fighting       | |  2.8
Long Blades    | |  3.8

Action                   || total
-------------------------++-------
Melee: Long sword        ||    76
       Tailslap          ||     9
  Eat: Chunk             ||     7
Armor: Skin              ||    12
Dodge: Dodged            ||    75
       Rpst.: Long sword ||    22

Table legend:
 A = Non-vault XP
 B = Vault XP
 C = Vault XP percentage of total XP
 D = Non-vault monster count
 E = Vault monster count
 F = Vault count percentage of total count
                 A         B        C        D         E       F
            +---------+---------+-------+---------+---------+-------
      Total |      86 |       0 |   0.0 |      18 |       0 |   0.0
            +---------+---------+-------+---------+---------+-------
        D:1 |      49 |       0 |   0.0 |      13 |       0 |   0.0
        D:2 |      37 |       0 |   0.0 |       5 |       0 |   0.0
            +---------+---------+-------+---------+---------+-------
